 Dungeon Crawl Stone Soup version 0.17-b1-15-g0f5fb43 (webtiles) character file.

32 xeno23 the Stinger (level 3, 0/28 HPs)
             Began as a Naga Venom Mage on Nov 3, 2015.
             Slain by Natasha (5 damage)
             ... on level 2 of the Dungeon.
             The game lasted 00:07:54 (570 turns).

xeno23 the Stinger (Naga Venom Mage)                 Turns: 570, Time: 00:07:54

Health: 0/28       AC:  3    Str: 10    XL:     3   Next: 27%
Magic:  2/6        EV:  8    Int: 15    God:
Gold:   59         SH:  0    Dex: 14    Spells: 1 memorised, 6 levels left

rFire  . . .     SeeInvis +     d - +0 short sword
rCold  . . .     Clarity  .     n - +0 ring mail
rNeg   . . .     SustAt   .     (no shield)
rPois  +         Gourm    .     (no helmet)
rElec  .         Spirit   .     (no cloak)
rCorr  .         Warding  .     (no gloves)
rMut   .         Stasis   .     (no barding)
MR     .....                    (no amulet)
Stlth  ++........               (no ring)
                                j - +2 ring of dexterity

@: short of breath, very slightly contaminated, very slow, not resistant to
hostile enchantments, unstealthy
A: see invisible, deformed body, poison resistance, slowness 2, slow metabolism
1, spit poison 2, AC +1
a: Spit Poison


You were on level 2 of the Dungeon.
You were not hungry.

You visited 1 branch of the dungeon, and saw 2 of its levels.

You collected 59 gold pieces.

Inventory:

Hand Weapons
 d - a +0 short sword (weapon)
 h - a +0 hunting sling
Missiles
 i - 14 sling bullets
Armour
 a - a +0 robe
 n - a +0 ring mail (worn)
Jewellery
 j - a +2 ring of dexterity (left hand)
Scrolls
 o - a scroll of identify {unknown}
Potions
 e - a potion of agility {unknown}
 g - 2 potions of curing {unknown}
Books
 b - a Young Poisoner's Handbook

   Spells                             Type                      Level
   a - Sting                          Conjuration/Poison           1
   b - Cure Poison                    Poison                       2
   c - Mephitic Cloud                 Conjuration/Poison/Air       3
   d - Olgreb's Toxic Radiance        Poison                       4
   e - Venom Bolt                     Conjuration/Poison           5
Comestibles
 c - a bread ration
 k - a royal jelly
 l - a slice of pizza
 m - a meat ration


   Skills:
 + Level 1.6 Dodging
 + Level 3.7 Stealth
 + Level 2.5 Spellcasting
 + Level 0.6 Conjurations
 + Level 5.7 Poison Magic


You had 6 spell levels left.
You knew the following spells:

 Your Spells              Type           Power        Failure   Level  Hunger
a - Sting                 Conj/Pois      ##..         17%         1    #......


Dungeon Overview and Level Annotations

Branches:
Dungeon (2/15)

Altars:

Annotations:
D:2 Natasha


Innate Abilities, Weirdness & Mutations

You cannot wear boots.
Your serpentine skin is tough (AC +1).
You have supernaturally acute eyesight.
Armour fits poorly on your strangely shaped body.
Your system is resistant to poisons.
You cover ground very slowly.
You have a slow metabolism.
You can spit poison.


Message History

You have got your breath back.
The crimson imp hits you but does no damage.
Natasha barely misses you.
Press: ? - help, Shift-Dir - straight line, f/p - Natasha
Aim: Natasha (severely wounded, poisoned)
The splash of poison misses Natasha.
The splash of poison hits the kobold.
The kobold is poisoned.
You kill the kobold!
You feel slightly more hungry.
The crimson imp summons a swarm of flies.
The crimson imp completely misses you. Natasha claws you but does no damage.
You barely miss Natasha.
Natasha is severely wounded.
The crimson imp blinks!
Natasha claws you.
* * * LOW HITPOINT WARNING * * *
Unknown command.
You hit Natasha but do no damage.
Natasha is severely wounded.
Natasha claws you.
You die...

### #### #..
#...# #>#
....$##.#
.#...?..#######
.......<......#
.......@ยง.###.#
.#.#####h5#
.)... K.)##.#
..... #..#..
...... ..?..#


You could see Natasha, a crimson imp and a kobold.

Vanquished Creatures
  An ooze (D:1)
  A giant gecko (D:1)
  A ball python (D:1)
  A giant cockroach (D:1)
  3 goblins (D:1)
  3 hobgoblins
  3 jackals (D:1)
  8 kobolds
  A rat (D:1)
22 creatures vanquished.

Notes
Turn   | Place    | Note
--------------------------------------------------------------
     0 | D:1      | xeno23 the Naga Venom Mage began the quest for the Orb.
     0 | D:1      | Reached XP level 1. HP: 15/15 MP: 3/3
     4 | D:1      | Noticed a vine stalker
     6 | D:1      | Noticed a demonspawn
     6 | D:1      | Noticed a minotaur
     8 | D:1      | Noticed an ogre
     8 | D:1      | Noticed a dwarf
    10 | D:1      | Noticed an octopode
    10 | D:1      | Noticed a formicid
    12 | D:1      | Noticed a human
    12 | D:1      | Noticed a ghoul
    14 | D:1      | Noticed a centaur
    14 | D:1      | Noticed a tengu
    16 | D:1      | Noticed a spriggan
    18 | D:1      | Noticed a troll
    18 | D:1      | Noticed a felid
    20 | D:1      | Noticed a gargoyle
    22 | D:1      | Noticed an elf
    22 | D:1      | Noticed a demigod
    24 | D:1      | Noticed a naga
    24 | D:1      | Noticed a vampire
    26 | D:1      | Noticed a draconian
    26 | D:1      | Noticed a merfolk
    93 | D:1      | Reached XP level 2. HP: 22/22 MP: 1/5
   283 | D:1      | Reached XP level 3. HP: 8/28 MP: 1/6
   558 | D:2      | Noticed Natasha
   570 | D:2      | Slain by Natasha

Action                   || total
-------------------------++-------
Melee: Unarmed           ||     2
       Short sword       ||    27
 Cast: Sting             ||    15
 Abil: Spit Poison       ||    12
 Stab: Sleeping          ||     1
